 Dungeon Crawl Stone Soup version 0.30-a0-793-g160f7cfddd (webtiles) character file.

Game seed: 7213713548963938633

10 Esekla the Sneak (level 2, -1/21 HPs)
             Began as an Octopode Delver on Feb 20, 2023.
             Succumbed to an adder's poison
             ... on level 4 of the Dungeon.
             The game lasted 00:03:27 (132 turns).

Esekla the Sneak (Octopode Delver)                   Turns: 132, Time: 00:03:28

Health: -1/21      AC:  1    Str: 11    XL:     2   Next: 20%
Magic:  2/2        EV: 13    Int: 12    God:
Gold:   14         SH:  0    Dex: 13    Spells: 1/1 levels left

rFire   . . .      SeeInvis .    a - +0 falchion
rCold   . . .      Faith    .    (no shield)
rNeg    . . .      Spirit   .    (helmet restricted)
rPois   .          Reflect  .    (no amulet)
rElec   .          Harm     .    (no ring)
rCorr   .          Rampage  .    (no ring)
Will    .....                    (no ring)
Stlth   ++++                     (no ring)
HPRegen 0.23/turn                (no ring)
MPRegen 0.08/turn                (no ring)
                                 (no ring)
                                 (no ring)

@: brilliant, lethally poisoned (-1 -> -15)
A: almost no armour, amphibious, 8 rings, camouflage 1, gelatinous body 1,
(nimble swimmer 1), tentacles
a: no special abilities


You were on level 4 of the Dungeon.
You visited 1 branch of the dungeon, and saw 2 of its levels.

You collected 14 gold pieces.

Inventory:

Hand Weapons
 a - a +0 falchion (weapon)
 g - a +0 dagger
Wands
 f - a wand of digging (3)
Scrolls
 b - a scroll of fog
 d - a scroll of fear
Potions
 e - a potion of haste


   Skills:
 * Level 3.1 Fighting
 * Level 2.1 Long Blades
 * Level 2.0 Dodging
 + Level 7.0 Stealth


You had one spell level left.
You didn't know any spells.
Your spell library was empty.

Dungeon Overview and Level Annotations

Branches:
Dungeon (5/15)
 Temple: D:4-7

Altars:

Shops:
D:5 =


Innate Abilities, Weirdness & Mutations

You cannot wear most types of armour.
You are amphibious.
You can wear up to eight rings at the same time.
Your skin changes colour to match your surroundings (Stealth+).
Your rubbery body absorbs attacks. (AC +1, EV +1)
((You are camouflaged when in or above water. (Stealth+)))
You have tentacles for arms and can constrict up to eight enemies at once.


Message History

You hit the goblin.
You kill the goblin!
Found a scroll labelled POC PEPPACIMN and 11 gold pieces.
You see here a +0 dagger.
g - a +0 dagger
g - a +0 dagger (weapon)
The helpless adder fails to defend itself.
You impale the adder!!
You kill the adder!
Your Stealth skill increases to level 7!
You have reached level 2!
The adder barely misses you.
a - a +0 falchion (weapon)
The adder barely misses you.
You barely miss the adder.
The endoplasm quivers.
Your grab misses the adder. The adder bites you but does no damage.
The adder bites you.
You hit the adder but do no damage. Your grab misses the adder.
Your squeeze misses the adder. The adder bites you.
You are poisoned.
The adder poisons you!
You barely miss the adder. You grab the adder. You constrict the adder.
You feel sick. The adder bites you.
You are more poisoned.
The adder poisons you!
You slash the adder!
The adder is severely wounded.
You constrict the adder.
You feel sick. The adder bites you.
* * * LOW HITPOINT WARNING * * *
You are more poisoned.
The adder poisons you! The adder bites you.
* * * LOW HITPOINT WARNING * * *
You are more poisoned.
The adder poisons you!
It was a potion of brilliance.
You feel clever all of a sudden.
You constrict the adder.
You kill the adder!
You die...

..# #..J.....
...# #.........
....####.........
......$#.........
.......#.........
#.....?#>........
.................
......†..........
........J@.......
.................
......#..........
......###........
#..... #........
###### ###.#....
...... ..###.


You could see an endoplasm.

Vanquished Creatures
  2 adders (D:4)
  A goblin (D:4)
3 creatures vanquished.

Notes
Turn   | Place    | Note
-------+----------+-------------------------------------------
     0 | D:5      | Esekla the Octopode Delver began the quest for the Orb.
     0 | D:5      | Reached XP level 1. HP: 16/16 MP: 1/1
    26 | D:5      | Noticed a jelly
    36 | D:5      | Found Faizeubi's Jewellery Shoppe.
   125 | D:4      | Reached skill level 7 in Stealth
   125 | D:4      | Reached XP level 2. HP: 21/21 MP: 2/2
   132 | D:4      | Succumbed to an adder's poison

Illustrated notes

Levels and vault maps discovered:
D:4:      layout_rooms, supply_closet_lemuel
D:5:      layout_cave_pods, serial_shops, nicolae_stop_n_shop_2

Skill      XL: |  1 |
---------------+----+-----
Stealth        | 7 |  7.0
Fighting       | |  3.1
Long Blades    | |  2.1
Dodging        | |  2.0

Action                     || total
---------------------------++-------
  Melee: Falchion          ||     5
         Dagger            ||     1
         Constrict         ||     1
    Use: Scroll            ||     1
         Potion            ||     1
   Stab: Sleeping          ||     2
 Armour: Skin              ||     1
  Dodge: Dodged            ||     2

Table legend: (Time is in decaauts)
 A = Elapsed time spent in this place.
 B = Non-inter-level travel time spent in this place.
 C = Inter-level travel time spent in this place.
 D = Time resting spent in this place.
 E = Time spent auto-exploring this place.
 F = Levels seen in this place.
 G = Mean time per level.
                   A        B        C        D        E       F      G
               +--------+--------+--------+--------+--------+-----+--------+
         Total |    131 |    131 |      0 |      0 |      0 |   2 |   65.5 |
       Dungeon |    131 |    131 |      0 |      0 |      0 |   2 |   65.5 |
               +--------+--------+--------+--------+--------+-----+--------+

Top non-repeatable levels by time:
     D:5: 104 daAuts
     D:4: 27 daAuts
